 Dungeon Crawl Stone Soup version 0.31-a0-705-ga145531891 (webtiles) character file.

Game seed: 15159822147438729151

84 qw the Shooter (level 4, -1/28 HPs)
             Began as a Gargoyle Hunter on Sept 9, 2023.
             Slain by Robin
             ... wielding a +0 spear
              (4 damage)
             ... on level 3 of the Dungeon.
             The game lasted 00:00:35 (1138 turns).

qw the Shooter (Gargoyle Hunter)                    Turns: 1138, Time: 00:00:35

Health: -1/28      AC:  8    Str: 15    XL:     4   Next: 46%
Magic:  4/4        EV: 11    Int:  9    God:
Gold:   688        SH:  0    Dex: 15    Spells: 3/3 levels left

rFire   . . .        Y - +0 shortbow
rCold   . . .        (shield currently unavailable)
rNeg    + . .        a - +0 ring mail
rPois   inf          (no helmet)
rElec   +            (no cloak)
rCorr   .            (no gloves)
SInv    .            (no boots)
Will    .....        (no amulet)
Stlth   +            (no ring)
HPRegen 0.24/turn    (no ring)
MPRegen 0.09/turn

%: no passive effects
@: about to teleport
A: sickness immunity, AC +3, negative energy resistance 1, electricity
resistance, torment resistance 1, petrification resistance
a: no special abilities


You were on level 3 of the Dungeon.
You visited 2 branches of the dungeon, and saw 5 of its levels.

You collected 688 gold pieces.


Innate Abilities, Weirdness & Mutations

You are immune to sickness and miasma.
Your stone body is resilient. (AC +3)
You are immune to poison.
You resist negative energy. (rN+)
You are resistant to electric shocks. (rElec)
You are resistant to unholy torment.
You are immune to petrification.


   Skills:
 - Level 3.3 Fighting
 - Level 5.2 Ranged Weapons
 + Level 0.1 Armour
 - Level 1.5 Dodging
 - Level 1.1 Stealth


You had 3 spell levels left.
You didn't know any spells.
Your spell library was empty.

Inventory:

Hand Weapons
 Y - a +0 shortbow (weapon)
Armour
 a - a +0 ring mail (worn)
Scrolls
 i - a scroll of identify
Potions
 b - a potion of attraction {unknown}
 f - a potion of curing {unknown}
 h - a potion of heal wounds {unknown}

Dungeon Overview and Level Annotations

Branches:
Dungeon (4/15)             Temple (1/1) D:4

Altars:
Ashenzari
Cheibriados
Hepliaklqana
Kikubaaqudgha
Makhleb
Nemelex Xobeh
Qazlal
Ru
Trog
Uskayaw
Vehumet
Wu Jian
Xom
Yredelemnul
Zin

Annotations:
D:3 Robin


Message History

The goblin barely misses you. x3; The goblin hits you but does no damage.
You shoot an arrow. The arrow closely misses the goblin.
The goblin hits you but does no damage. The goblin hits you with a +0 dagger.
The hobgoblin misses you. The goblin hits you with a +0 club.
The goblin hits you but does no damage. The goblin closely misses you.
The goblin hits you but does no damage.
You shoot an arrow. The arrow hits the goblin.
The goblin is severely wounded.
A goblin comes into view. It is wielding a +0 dagger.
The goblin hits you with a +0 dagger. The goblin closely misses you.
The goblin hits you but does no damage. x2; The goblin barely misses you.
The hobgoblin hits you but does no damage.
The goblin hits you with a +0 club. The goblin misses you.
The goblin barely misses you.
The goblin hits you with a +0 dagger. x2
The goblin closely misses you. The hobgoblin hits you.
The goblin barely misses you.
1136 ||| READING scroll of teleportation.
As you read the scroll of teleportation, it crumbles to dust.
You feel strangely unstable. The goblin hits you but does no damage.
The hobgoblin closely misses you. The goblin hits you but does no damage.
The goblin closely misses you. The goblin hits you but does no damage.
Robin throws the goblin at you! The goblin barely misses you.
The goblin misses you.
You shoot an arrow. The arrow hits the goblin.
You kill the goblin!
A ball python comes into view.
The goblin misses you. The goblin hits you but does no damage.
The goblin hits you with a +0 dagger. The goblin hits you but does no damage.
A gnoll comes into view. It is wielding a +0 club.
The goblin hits you but does no damage. x2; The hobgoblin closely misses you.
1138 |||
Found retreat position at -6,6 (floor) with 1 blocking monsters and 4 monsters attacking at destination at distance 6 You shoot an arrow.
The gnoll shouts!
The arrow hits the goblin!
You kill the goblin!
You hear a shout!
A gnoll comes into view. It is wielding a +0 whip.
Robin hits you from afar with a +0 spear.
You die...
Robin says, "And that's why I'm the boss."

.$..... ../....
#### .......
.#... .......
...$.
...#...##......
....!...#?...).
#....gg)(.....
#...gg@)..#
.....gggg..#
#.....gg##....#
g..$g.... ....
$#....... #..
.gS......# .
#.#.......
#.........


You could see Robin, 3 gnolls, 2 hobgoblins, 7 goblins and a ball python.

Vanquished Creatures
  A hound (D:4)
  An adder (D:4)
  3 dart slugs (D:1)
  An orc (D:4)
  3 endoplasms
  3 giant cockroaches
  6 goblins
  2 hobgoblins (D:1)
  3 jackals (D:4)
  2 kobolds (D:1)
  4 quokkas
  2 bats (D:1)
  A frilled lizard (D:1)
  4 rats (D:1)
36 creatures vanquished.

Notes
Turn   | Place    | Note
-------+----------+-------------------------------------------
     0 | D:1      | qw the Gargoyle Hunter began the quest for the Orb.
     0 | D:1      | Reached XP level 1. HP: 12/12 MP: 1/1
     0 | D:1      | 0 ||| qw: Version: 0.3-a-80-g4c0dc69
     0 | D:1      | 0 ||| qw: Game counter: 1350
     0 | D:1      | 0 ||| qw: Melee chars always use a shield: true
     0 | D:1      | 0 ||| qw: God list: Okawaru
     0 | D:1      | 0 ||| qw: Allow faded altars: false
     0 | D:1      | 0 ||| qw: Do Orc after clearing Dungeon:15 true
     0 | D:1      | 0 ||| qw: Do second Lair branch before Depths: true
     0 | D:1      | 0 ||| qw: Lair rune preference: random
     0 | D:1      | 0 ||| qw: Goals: Normal
     0 | D:1      | 0 ||| PLANNING D:1-11
    98 | D:1      | Reached XP level 2. HP: 17/17 MP: 2/2
   409 | D:1      | Reached XP level 3. HP: 21/21 MP: 3/3
   414 | D:1      | Reached skill level 5 in Ranged Weapons
   454 | D:1      | 454 ||| READING scroll labelled YLEAFA IVUE.
   707 | D:1      | 707 ||| READING scroll labelled DYIH FOZXE.
   707 | D:1      | Identified a scroll of acquirement
   707 | D:1      | 707 ||| ACQUIRING 601 gold pieces
   707 | D:1      | Acquired 601 gold pieces
   709 | D:1      | 709 ||| READING scroll labelled MUNAEH JURCH.
   710 | D:1      | 710 ||| READING 2 scrolls labelled VUYZUU BIGH.
   711 | D:1      | 711 ||| DROPPING scroll of butterflies.
   835 | D:2      | You fall into a shaft and drop 2 floors!
   881 | D:4      | Found a staircase to the Ecumenical Temple.
   882 | D:4      | 882 ||| PLANNING TEMPLE
   882 | D:4      | 882 ||| READING scroll labelled BIBRAT NUMYF.
   890 | Temple   | Entered the Ecumenical Temple
   891 | Temple   | 891 ||| PLANNING D:1-11
   974 | D:4      | Reached skill level 3 in Fighting
   974 | D:4      | Reached XP level 4. HP: 15/28 MP: 4/4
  1108 | D:4      | 1108 ||| UPGRADING to +0 ring mail.
  1118 | D:4      | 1118 ||| DROPPING +0 leather armour.
  1127 | D:3      | Noticed Robin
  1135 | D:3      | HP: 5/28 [goblin/+0 dagger[Robin] (3)]
  1136 | D:3      | 1136 ||| READING scroll of teleportation.
  1138 | D:3      | Slain by Robin

Levels and vault maps discovered:
D:1:      psy_arrival_basics, layout_loops_ring, minivault_19,
          serial_park_tiny_pond, minmay_heptomino_d4
D:2:      layout_loops_ring, kennysheep_generic_room_10
D:3:      layout_rooms, nicolae_gozag_conspicuous_consumption, uniq_sigmund,
          uniq_ijyb, uniq_robin
D:4:      layout_gridville, minmay_temple_entry_glassed_door,
          dk_rats_in_the_wall
Temple:   minmay_freezing_vapour_temple

Skill      XL: |  1  2  3 |
---------------+----------+-----
Ranged Weapons | 5 |  5.2
Fighting       | 3 |  3.3
Armour         | |  0.1
Dodging        | |  1.5
Stealth        | |  1.1

Action                     |  1- 3 |  4- 6 || total
---------------------------+-------+-------++-------
   Fire: Shortbow          |   110 |    42 ||   152
    Use: Scroll            |     5 |     1 ||     6
 Armour: Leather armour    |    43 |    19 ||    62
         Ring mail         |       |    36 ||    36
  Dodge: Dodged            |    44 |    41 ||    85

Table legend:
 A = Non-vault XP
 B = Vault XP
 C = Vault XP percentage of total XP
 D = Non-vault monster count
 E = Vault monster count
 F = Vault count percentage of total count
                 A         B        C        D         E       F
            +---------+---------+-------+---------+---------+-------
      Total |     110 |      13 |  10.6 |      30 |       6 |  16.7
            +---------+---------+-------+---------+---------+-------
        D:1 |      40 |       8 |  16.7 |      21 |       3 |  12.5
        D:3 |       0 |       5 | 100.0 |       0 |       3 | 100.0
        D:4 |      70 |       0 |   0.0 |       9 |       0 |   0.0
            +---------+---------+-------+---------+---------+-------
